[ AOE2 MATCH · #464006975 ]
UnrankedPortuguese vs Dravidians
Player's team · LOSS
[ REPLAY ANALYSIS · EXTRACTED FROM THE RECORDED GAME ]
Feudal
9:36
Castle
21:50
Imperial
32:35
| APM avg | 63.2 |
| APM peak | 117 |
| eAPM avg | 29.1 |
| Villagers / military | 180 / 79 |
Focus
⚔️ 34.4% · 🌾 65.6%
Hand Cannoneer ×45 · Organ Gun ×13 · Skirmisher ×5 · Mangonel ×4 · Bombard Cannon ×4 · Monk ×3
Feudal
8:51
Castle
20:33
Imperial
34:39
| APM avg | 81.9 |
| APM peak | 162 |
| eAPM avg | 40.8 |
| Villagers / military | 149 / 85 |
Focus
⚔️ 65.8% · 🌾 34.2%
Elephant Archer ×35 · Skirmisher ×16 · Archer ×15 · Mangonel ×9 · Bombard Cannon ×4 · Spearman ×3
Match map
Initial resources + every placement click. Lines = walls · curves = elevation contours. ◆ gold · ⬟ stone · ● berries · ✦ relic · ◌ wall gap
Your base· ✓ Closed at 21:50 · 34t walls · no gate
DS_Moai's base· ✓ Closed at 20:33 · 30t walls · no gate
Smoothed initial terrain · ◌ = detected wall gap · hover for details
Inputs per minute
— DS_Prodan - - DS_Moai
Build order — DS_Prodan
First 150 of 426 actions detected
| 0:01 | Create | Villager (Male) |
| 0:01 | Create | Villager (Male) |
| 0:01 | Create | Villager (Male) |
| 0:02 | Create | Villager (Male) |
| 0:03 | Build | House |
| 0:05 | Build | House |
| 1:25 | Create | Villager (Male) |
| 1:55 | Create | Villager (Male) |
| 2:15 | Build | Lumber Camp |
| 2:23 | Create | Villager (Male) |
| 2:27 | Create | Villager (Male) |
| 2:53 | Create | Villager (Male) |
| 3:19 | Create | Villager (Male) |
| 3:45 | Create | Villager (Male) |
| 3:49 | Build | House |
| 3:53 | Build | Palisade Wall |
| 4:00 | Create | Villager (Male) |
| 4:23 | Build | Palisade Wall |
| 4:26 | Create | Villager (Male) |
| 4:29 | Create | Villager (Male) |
| 4:37 | Create | Villager (Male) |
| 5:06 | Build | Palisade Wall |
| 5:37 | Create | Villager (Male) |
| 5:43 | Build | Palisade Wall |
| 5:47 | Build | Palisade Wall |
| 6:00 | Research | Loom |
| 6:06 | Build | Palisade Wall |
| 6:09 | Build | House |
| 6:57 | Create | Villager (Male) |
| 6:58 | Build | Mill |
| 7:24 | Research | Feudal Age |
| 8:36 | Build | Barracks |
| 8:46 | Build | House |
| 9:36 | Age | Feudal Age |
| 9:42 | Build | Archery Range |
| 9:43 | Create | Spearman |
| 9:46 | Research | Double-Bit Axe |
| 9:47 | Create | Villager (Male) |
| 9:50 | Create | Villager (Male) |
| 10:05 | Create | Villager (Male) |
| 10:05 | Create | Villager (Male) |
| 10:16 | Create | Villager (Male) |
| 10:35 | Create | Skirmisher |
| 10:38 | Create | Villager (Male) |
| 10:40 | Build | Mill |
| 10:57 | Create | Skirmisher |
| 11:02 | Research | Horse Collar |
| 11:03 | Create | Villager (Male) |
| 11:03 | Create | Villager (Male) |
| 11:25 | Create | Villager (Male) |
| 11:27 | Build | Watch Tower |
| 11:46 | Build | House |
| 11:47 | Create | Skirmisher |
| 11:57 | Build | House |
| 11:57 | Create | Villager (Male) |
| 11:58 | Create | Villager (Male) |
| 12:00 | Create | Villager (Male) |
| 12:20 | Build | House |
| 12:27 | Build | House |
| 12:33 | Create | Villager (Male) |
| 12:34 | Create | Villager (Male) |
| 12:35 | Create | Skirmisher |
| 12:43 | Create | Villager (Male) |
| 12:56 | Create | Skirmisher |
| 13:10 | Create | Villager (Male) |
| 13:11 | Build | Farm |
| 13:16 | Build | Farm |
| 13:24 | Create | Villager (Male) |
| 13:26 | Create | Villager (Male) |
| 13:45 | Create | Villager (Male) |
| 13:46 | Create | Villager (Male) |
| 13:51 | Create | Villager (Male) |
| 13:52 | Build | Farm |
| 13:53 | Create | Villager (Male) |
| 13:54 | Build | Farm |
| 13:55 | Create | Villager (Male) |
| 13:56 | Create | Villager (Male) |
| 13:56 | Create | Villager (Male) |
| 14:07 | Create | Villager (Male) |
| 14:15 | Create | Villager (Male) |
| 14:16 | Create | Villager (Male) |
| 14:24 | Create | Villager (Male) |
| 14:30 | Create | Villager (Male) |
| 14:31 | Build | Farm |
| 14:33 | Build | Farm |
| 14:48 | Build | Farm |
| 15:02 | Create | Villager (Male) |
| 15:04 | Create | Villager (Male) |
| 15:11 | Create | Villager (Male) |
| 15:18 | Create | Villager (Male) |
| 15:28 | Build | Lumber Camp |
| 15:34 | Create | Villager (Male) |
| 15:39 | Create | Villager (Male) |
| 15:41 | Build | Farm |
| 15:42 | Build | Farm |
| 15:42 | Build | Farm |
| 15:42 | Build | Farm |
| 16:10 | Create | Villager (Male) |
| 16:11 | Create | Villager (Male) |
| 16:17 | Build | Mining Camp |
| 16:23 | Build | House |
| 16:30 | Create | Villager (Male) |
| 16:31 | Build | House |
| 16:34 | Build | House |
| 16:37 | Research | Wheelbarrow |
| 16:39 | Build | Farm |
| 16:53 | Create | Villager (Male) |
| 16:54 | Create | Villager (Male) |
| 16:56 | Build | Mining Camp |
| 16:57 | Create | Villager (Male) |
| 16:58 | Create | Villager (Male) |
| 17:02 | Build | House |
| 17:04 | Build | House |
| 17:07 | Create | Villager (Male) |
| 17:09 | Build | House |
| 17:11 | Build | House |
| 17:13 | Create | Villager (Male) |
| 17:15 | Build | Farm |
| 17:16 | Create | Villager (Male) |
| 17:23 | Create | Villager (Male) |
| 17:24 | Create | Villager (Male) |
| 17:25 | Build | Farm |
| 17:28 | Create | Villager (Male) |
| 17:31 | Build | Farm |
| 17:55 | Build | House |
| 18:04 | Build | Farm |
| 18:05 | Create | Villager (Male) |
| 18:06 | Create | Villager (Male) |
| 18:10 | Build | Farm |
| 18:11 | Create | Villager (Male) |
| 18:12 | Build | Farm |
| 18:39 | Build | Blacksmith |
| 18:45 | Create | Villager (Male) |
| 19:00 | Create | Archer |
| 19:06 | Research | Castle Age |
| 19:07 | Research | Gold Mining |
| 19:11 | Research | Stone Mining |
| 19:14 | Research | Gold Mining |
| 20:07 | Create | Spearman |
| 21:50 | Age | Castle Age |
| 21:53 | Build | Siege Workshop |
| 21:54 | Research | Bow Saw |
| 21:56 | Create | Villager (Male) |
| 21:57 | Create | Villager (Male) |
| 22:09 | Build | Town Center |
| 22:12 | Research | Heavy Plow |
| 22:13 | Create | Villager (Male) |
| 22:29 | Create | Mangonel |
| 22:45 | Create | Villager (Male) |
| 23:13 | Build | House |
Build order — DS_Moai
First 150 of 437 actions detected
| 0:00 | Create | Villager (Male) |
| 0:01 | Create | Villager (Male) |
| 0:01 | Create | Villager (Male) |
| 0:02 | Build | House |
| 0:03 | Build | House |
| 0:18 | Create | Villager (Male) |
| 1:33 | Create | Villager (Male) |
| 1:33 | Create | Villager (Male) |
| 2:04 | Create | Villager (Male) |
| 2:11 | Build | Lumber Camp |
| 2:24 | Create | Villager (Male) |
| 2:50 | Create | Villager (Male) |
| 3:10 | Create | Villager (Male) |
| 3:12 | Create | Villager (Male) |
| 3:26 | Build | House |
| 4:03 | Create | Villager (Male) |
| 4:29 | Create | Villager (Male) |
| 4:57 | Create | Villager (Male) |
| 5:23 | Create | Villager (Male) |
| 5:35 | Build | Barracks |
| 5:39 | Create | Villager (Male) |
| 6:01 | Research | Loom |
| 6:26 | Build | House |
| 6:41 | Research | Feudal Age |
| 7:17 | Build | Mill |
| 8:15 | Create | Villager (Male) |
| 8:51 | Age | Feudal Age |
| 8:54 | Create | Spearman |
| 9:01 | Research | Double-Bit Axe |
| 9:13 | Create | Villager (Male) |
| 9:22 | Create | Spearman |
| 9:29 | Build | House |
| 9:33 | Build | Archery Range |
| 9:35 | Create | Villager (Male) |
| 9:53 | Build | Blacksmith |
| 9:57 | Create | Villager (Male) |
| 10:08 | Create | Skirmisher |
| 10:13 | Build | House |
| 10:22 | Build | Watch Tower |
| 10:26 | Create | Skirmisher |
| 10:27 | Create | Villager (Male) |
| 10:45 | Build | House |
| 10:51 | Build | Mill |
| 10:52 | Create | Villager (Male) |
| 11:05 | Create | Villager (Male) |
| 11:25 | Create | Villager (Male) |
| 11:26 | Create | Skirmisher |
| 11:28 | Build | Farm |
| 11:37 | Research | Fletching |
| 11:47 | Build | Farm |
| 11:57 | Create | Villager (Male) |
| 11:58 | Build | Farm |
| 12:11 | Create | Spearman |
| 12:17 | Create | Villager (Male) |
| 12:45 | Build | Farm |
| 12:46 | Build | Farm |
| 12:56 | Build | Farm |
| 12:57 | Create | Villager (Male) |
| 13:14 | Create | Villager (Male) |
| 13:16 | Build | Farm |
| 13:19 | Build | Palisade Wall |
| 13:25 | Create | Skirmisher |
| 13:32 | Build | Farm |
| 13:35 | Create | Villager (Male) |
| 13:55 | Build | Farm |
| 14:14 | Create | Villager (Male) |
| 14:18 | Build | Farm |
| 14:19 | Build | Farm |
| 14:30 | Build | House |
| 14:33 | Create | Skirmisher |
| 14:37 | Create | Villager (Male) |
| 14:52 | Build | Farm |
| 14:53 | Create | Villager (Male) |
| 15:07 | Create | Skirmisher |
| 15:10 | Create | Villager (Male) |
| 15:16 | Build | Palisade Wall |
| 15:23 | Create | Villager (Male) |
| 15:25 | Build | Farm |
| 15:27 | Build | Farm |
| 15:42 | Build | Mining Camp |
| 15:49 | Build | Palisade Wall |
| 16:14 | Create | Villager (Male) |
| 16:28 | Build | House |
| 16:39 | Build | Archery Range |
| 16:46 | Create | Villager (Male) |
| 16:55 | Research | Gold Mining |
| 17:12 | Create | Villager (Male) |
| 17:22 | Build | Palisade Wall |
| 17:48 | Create | Skirmisher |
| 17:53 | Research | Castle Age |
| 18:08 | Create | Skirmisher |
| 18:13 | Create | Skirmisher |
| 18:25 | Build | House |
| 18:36 | Build | Lumber Camp |
| 18:41 | Create | Skirmisher |
| 18:42 | Create | Skirmisher |
| 19:03 | Research | Horse Collar |
| 19:31 | Create | Skirmisher |
| 19:32 | Create | Skirmisher |
| 19:54 | Create | Skirmisher |
| 19:55 | Create | Skirmisher |
| 20:00 | Create | Archer |
| 20:02 | Create | Archer |
| 20:33 | Age | Castle Age |
| 20:36 | Create | Villager (Male) |
| 20:41 | Build | Market |
| 20:45 | Research | Elite Skirmisher (upgrade) |
| 20:50 | Research | Bodkin Arrow |
| 20:52 | Research | Bow Saw |
| 21:05 | Create | Villager (Male) |
| 21:06 | Research | Crossbowman (upgrade) |
| 21:13 | Create | Archer |
| 21:14 | Create | Archer |
| 21:28 | Create | Villager (Male) |
| 21:36 | Build | Town Center |
| 21:43 | Create | Archer |
| 21:43 | Create | Archer |
| 21:49 | Build | House |
| 21:55 | Create | Villager (Male) |
| 22:27 | Create | Villager (Male) |
| 22:50 | Build | Town Center |
| 22:52 | Create | Archer |
| 23:03 | Build | House |
| 23:03 | Create | Villager (Male) |
| 23:06 | Create | Villager (Male) |
| 23:09 | Create | Archer |
| 23:21 | Create | Villager (Male) |
| 23:22 | Create | Archer |
| 23:24 | Build | House |
| 23:26 | Create | Villager (Male) |
| 23:27 | Create | Villager (Male) |
| 23:29 | Build | Farm |
| 23:31 | Build | Farm |
| 23:33 | Build | Farm |
| 23:40 | Build | House |
| 23:42 | Build | Farm |
| 23:43 | Create | Archer |
| 23:46 | Create | Villager (Male) |
| 23:46 | Create | Villager (Male) |
| 23:55 | Research | Crossbowman (upgrade) |
| 24:05 | Build | Farm |
| 24:15 | Create | Villager (Male) |
| 24:15 | Create | Villager (Male) |
| 24:15 | Create | Archer |
| 24:16 | Create | Archer |
| 24:29 | Build | Siege Workshop |
| 24:33 | Build | Farm |
| 24:39 | Create | Villager (Male) |
| 24:39 | Create | Villager (Male) |
| 24:41 | Create | Archer |
Match timeline
| 3:53 | DS_Prodan · wall_segment Palisade Wall x6 |
| 4:23 | DS_Prodan · wall_segment Palisade Wall x14 |
| 5:06 | DS_Prodan · wall_segment Palisade Wall x2 |
| 5:35 | DS_Moai · first_building Barracks |
| 5:43 | DS_Prodan · wall_segment Palisade Wall x6 |
| 5:47 | DS_Prodan · wall_segment Palisade Wall x2 |
| 6:06 | DS_Prodan · wall_segment Palisade Wall x6 |
| 8:36 | DS_Prodan · first_building Barracks |
| 8:51 | DS_Moai · age_up feudal |
| 9:33 | DS_Moai · first_building Archery Range |
| 9:36 | DS_Prodan · age_up feudal |
| 9:42 | DS_Prodan · first_building Archery Range |
| 13:19 | DS_Moai · wall_segment Palisade Wall x10 |
| 15:16 | DS_Moai · wall_segment Palisade Wall x6 |
| 15:49 | DS_Moai · wall_segment Palisade Wall x8 |
| 17:22 | DS_Moai · wall_segment Palisade Wall x6 |
| 20:33 | DS_Moai · age_up castle |
| 21:33 | DS_Moai · first_market_sell 100 food |
| 21:34 | DS_Moai · first_market_buy 100 stone |
| 21:50 | DS_Prodan · age_up castle |
| 21:53 | DS_Prodan · first_building Siege Workshop |
| 24:29 | DS_Moai · first_building Siege Workshop |
| 25:40 | DS_Prodan · first_building Castle |
| 27:49 | DS_Moai · first_building Monastery |
| 29:40 | DS_Prodan · first_building Monastery |
| 29:56 | DS_Prodan · first_market_buy 100 wood |
| 30:41 | DS_Prodan · wall_segment Stone Wall x3 |
| 32:35 | DS_Prodan · age_up imperial |
| 34:19 | DS_Moai · first_building Castle |
| 34:26 | DS_Prodan · first_market_sell 100 wood |
| 34:39 | DS_Moai · age_up imperial |
| 35:15 | DS_Moai · first_building Stable |
| 42:46 | DS_Prodan · resign |
[ AI ANALYSIS · 1 CREDIT ]
What really happened in this match?
Wolo.gg analyzes every decision: build order, eco, micro, common mistakes by bracket. Personalized analysis on WhatsApp or Discord in 30 seconds.
Civ guide
Portuguese
Map guide
Arabia
Perfil
DS_Prodan